Map: Ulrena

Players

LindyHop - Winner!

  • Race: Zerg Zerg
  • League: Platinum

qcdevil

  • Race: Zerg Zerg
  • League: Platinum

VOD

Have the link to the VOD?

Description

Time

  • Played on: Jan. 20, 2016, 8:25 p.m.
  • Length: 3:21
Show
View Real Time Build Order
Export as new Build Order

LindyHop Zerg - Winner!

Build Orders: Pool First 

Get SALT Encoding   

  12  0:01  Drone  
  13  0:08  Drone  
  14  0:22  Drone, Extractor  
  14  0:33  Spawning Pool  
  13  0:36  Drone  
  14  0:54  Overlord  
  14  1:16  Hatchery  
  13  1:23  Metabolic Boost  
  13  1:29  Zergling x2  
  14  1:43  Queen  
  16  1:55  Zergling x4  
  16  2:00  Zergling x2  
  19  2:07  Zergling x2  
  20  2:17  Zergling x2  
  21  2:35  Zergling x2  
  21  2:36  Zergling x2  
  23  2:40  Zergling x4  
  25  2:51  Zergling x6  
  25  2:57  Zergling x2  
  28  3:00  Zergling x2  
  28  3:01  Overlord  
Show
View Real Time Build Order
Export as new Build Order

qcdevil Zerg 

Build Orders: Hatch First 

Get SALT Encoding   

  12  0:01  Drone  
  13  0:13  Overlord  
  13  0:19  Drone  
  14  0:31  Drone x2  
  14  0:35  Drone  
  17  0:54  Hatchery  
  17  0:56  Drone  
  17  1:11  Spawning Pool  
  16  1:14  Drone  
  17  1:18  Extractor  
  17  1:25  Drone  
  17  1:27  Overlord  
  17  1:31  Drone  
  18  1:41  Drone  
  19  1:58  Queen  
  19  1:59  Zergling x2  
  21  2:02  Zergling x2  
  21  2:07  Drone  
  23  2:11  Queen  
  23  2:14  Zergling x2  
  26  2:19  Drone  
  27  2:30  Overlord  
  27  2:41  Drone x3  
  30  2:48  Zergling x2  
  30  2:55  Zergling x2  
  30  2:59  Zergling x2  
Tags
 
Add a new tag
Caveats
  • Supply blocks, unpowered buildings, or Contaminate may cause inaccurate times.
  • Supply counts are checked every 10 seconds.